 Dungeon Crawl Stone Soup version 0.31.0-9-g3a7656b989 (webtiles) character file.

Game seed: 4558316724797064236

8 Colgate the Poker (level 2, 14/24 HPs)
             Began as a Demonspawn Cinder Acolyte on Feb 2, 2024.
             Was a High Priest of Ignis.
             Quit the game on level 1 of the Dungeon.
             The game lasted 00:00:27 (104 turns).

Colgate the Poker (Demonspawn Cinder Acolyte)        Turns: 104, Time: 00:00:27

Health: 14/24      AC:  3    Str: 14    XL:     2   Next: 0%
Magic:  3/3        EV: 11    Int: 14    God:    Ignis [*****.]
Gold:   0          SH:  0    Dex:  8    Spells: 3/3 levels left

rFire   + . .        a - -1 spear (flame)
rCold   . . .        (no shield)
rNeg    . . .        b - +0 robe
rPois   .            (no helmet)
rElec   .            (no cloak)
rCorr   .            (no gloves)
SInv    .            (no boots)
Will    .....        (no amulet)
Stlth   +            (no ring)
HPRegen 0.24/turn    (no ring)
MPRegen 0.08/turn

%: no passive effects
@: no status effects
A: sharp scales 1
a: Renounce Religion, Fiery Armour, Foxfire Swarm, Rising Flame


You were on level 1 of the Dungeon.
You worshipped Ignis.
Ignis was extremely pleased with you.
You visited 1 branch of the dungeon, and saw 1 of its levels.

Inventory:

Hand Weapons
 a - a -1 spear of flaming (weapon)
Armour
 b - a +0 robe (worn)
Scrolls
 d - a scroll of identify {unknown}
Potions
 c - a potion of heal wounds {unknown}
 e - a potion of enlightenment {unknown}


   Skills:
 - Level 3.0 Fighting
 + Level 3.2 Polearms
 - Level 1.0 Spellcasting
 - Level 2.6 Fire Magic


You had 3 spell levels left.
You didn't know any spells.
Your spell library contained the following spells:

 Spells                   Type           Power      Damage    Failure   Level
 Scorch                   Fire           16%        2d5       13%         2


Dungeon Overview and Level Annotations

Branches:
Dungeon (1/15)

Altars:


Innate Abilities, Weirdness & Mutations

You are partially covered in razor-sharp scales. (AC +1, Slay +1)


Message History

You are too injured to fight recklessly!
A jackal is nearby!
You are too injured to fight recklessly!
A jackal is nearby!
You are too injured to fight recklessly!
A jackal is nearby!
You are too injured to fight recklessly!
A jackal is nearby!
You are too injured to fight recklessly!
A jackal is nearby!
You are too injured to fight recklessly!
A jackal is nearby!
You are too injured to fight recklessly!
A jackal is nearby!
You are too injured to fight recklessly!
A jackal is nearby!
You are too injured to fight recklessly!
A jackal is nearby!
You are too injured to fight recklessly!
A jackal is nearby!
You are too injured to fight recklessly!
A jackal is nearby!
You are too injured to fight recklessly!
A jackal is nearby!
You are too injured to fight recklessly!
A jackal is nearby!
You are too injured to fight recklessly!
A jackal is nearby!
You hit the jackal. You burn the jackal.
You kill the jackal!
You have reached level 2!
Your demonic ancestry asserts itself...
Sharp scales grow over part of your body.
The jackal barks!
You hear a bark!
A jackal comes into view. x2
The jackal moves out of view.
A quokka comes into view.
The jackal bites you.
The quokka moves out of view.
The jackal bites you but does no damage.
Are you sure you want to abandon this character and quit the game? (Confirm with "yes".)

####.#.#.####.# .....
...........##.##.#.#
.#####.###.##.#....##
#....# #...†).#...#
.##.##.###.##.#.....#
.....#.....##.##.#..#
###...........##.# .#
.8#..##..........#..####
.##.# ##...##.##@hh.....
.8#..##....##.####h.####
.##........##.# .....
.8########.# # #####
.#8#8#8#8#.##.#
.........#....#
...#####.'....#
.........#.#....#
.#8#8#8#8#.#.##.#


You could see 3 jackals.

Vanquished Creatures
  A ball python (D:1)
  An endoplasm (D:1)
  A jackal (D:1)
  A kobold (D:1)
  A quokka (D:1)
  A frilled lizard (D:1)
  A goblin (D:1)
7 creatures vanquished.

Notes
Turn   | Place    | Note
-------+----------+-------------------------------------------
     0 | D:1      | Colgate the Demonspawn Cinder Acolyte began the quest for
                  | the Orb.
     0 | D:1      | Reached XP level 1. HP: 18/18 MP: 2/2
   101 | D:1      | Gained mutation: You are partially covered in razor-sharp
                  | scales. (AC +1, Slay +1) [demonic ancestry]
   101 | D:1      | Reached XP level 2. HP: 14/24 MP: 3/3
   104 | D:1      | Quit the game

Illustrated notes

Levels and vault maps discovered:
D:1:      heliophobic_arrival_ceremonial_halls, layout_loops_ring

Skill      XL: |  1 |
---------------+----+-----
Polearms       | 3 |  3.2
Fighting       | |  3.0
Spellcasting   | |  1.0
Fire Magic     | |  2.6

Action                     || total
---------------------------++-------
  Melee: Spear             ||    22
         Punch             ||     2
 Armour: Robe              ||    10
  Dodge: Dodged            ||     5
